PAA
CHESAPEAKE CONTINENTALS @ TACOMA FUR TRADERS
05/29/2031
 
TOP OF THE 1ST
Chesapeake Continentals batting - Pitching for Tacoma Fur Traders : LHP Domingo Montémayor
Pitching: LHP Domingo Montémayor
Batting: RHB Santiago Valentín 0-0: DOUBLE (Line Drive, 5D)
Batting: LHB Bart Walton 0-0: Ball
1-0: Ball
2-0: SINGLE (Groundball, 34D)
Santiago Valentín to third
Runner from 3rd tries for Home, SAFE, no throw
Batting: RHB Arturo Scantlebury 0-0: Ball
1-0: Ball
2-0: Ball
3-0: Called Strike
3-1: Called Strike
3-2: Grounds into double play, 4-6-3 (Groundball, 4D)
Batting: RHB Phil Oostermeer 0-0: Called Strike
0-1: Fly out, F9 (Flyball, 9D)
Top of the 1st over - 1 run, 2 hits, 0 errors, 0 left on base; Chesapeake 1 - Tacoma 0
BOTTOM OF THE 1ST
Tacoma Fur Traders batting - Pitching for Chesapeake Continentals : RHP Andrew Prieto
Pitching: RHP Andrew Prieto
Batting: RHB Jeremy Geertsen 0-0: Called Strike
0-1: Called Strike
0-2: Ball
1-2: Strikes out swinging, 2-3 out at first.
Batting: RHB Jonathan Barnett 0-0: Foul Ball, location: 2F
0-1: Ball
1-1: Foul Ball, location: 2F
1-2: Strikes out swinging
Batting: RHB Daryl Yandell 0-0: Called Strike
0-1: Ball
1-1: Ball
2-1: Ball
3-1: Swinging Strike
3-2: Base on Balls
Batting: RHB Amon-Ra St. Brown 0-0: Called Strike
0-1: Ball
1-1: Ball
2-1: 2-RUN HOME RUN (Flyball, 7D), Distance : 410 ft
Batting: RHB Mike Case 0-0: Ball
1-0: SINGLE (Groundball, 56D)
Batting: RHB Alan Patterson 0-0: Ball
1-0: Called Strike
1-1: Called Strike
1-2: Ball
2-2: Ball
3-2: Ground out 5-3 (Groundball, 5)
Bottom of the 1st over - 2 runs, 2 hits, 0 errors, 1 left on base; Chesapeake 1 - Tacoma 2
TOP OF THE 2ND
Chesapeake Continentals batting - Pitching for Tacoma Fur Traders : LHP Domingo Montémayor
Batting: RHB Brian Moring 0-0: Ball
1-0: Ball
2-0: Called Strike
2-1: Called Strike
2-2: SINGLE (Groundball, 34D)
Batting: RHB Ray Walker 0-0: Reached on error, E9 (Flyball, 9D)
Brian Moring to second
Batting: LHB Bartholomew Bailey 0-0: Ball
1-0: Grounds into double play, 6-4-3 (Groundball, 6)
Brian Moring to third
Batting: RHB Otton Dis 0-0: Called Strike
0-1: Ball
1-1: Called Strike
1-2: Ball
2-2: Foul Ball, location: 2F
2-2: Ball
3-2: SINGLE (Line Drive, 6MD)
Brian Moring scores
Batting: LHB Mathias Gudmestad 0-0: Ball
Otton Dis is caught stealing 2nd base
Top of the 2nd over - 1 run, 2 hits, 1 error, 0 left on base; Chesapeake 2 - Tacoma 2
BOTTOM OF THE 2ND
Tacoma Fur Traders batting - Pitching for Chesapeake Continentals : RHP Andrew Prieto
Batting: RHB Bill Perkins 0-0: Ball
1-0: Fly out, F8 (Flyball, 8LD)
Batting: RHB Gerardo Herváz 0-0: Called Strike
0-1: Foul Ball, location: 2F
0-2: Ball
1-2: Strikes out swinging
Batting: RHB Sherman N'Dir 0-0: Called Strike
0-1: Called Strike
0-2: Ball
1-2: Fly out, F9 (Flyball, 89M)
Bottom of the 2nd over - 0 runs, 0 hits, 0 errors, 0 left on base; Chesapeake 2 - Tacoma 2
TOP OF THE 3RD
Chesapeake Continentals batting - Pitching for Tacoma Fur Traders : LHP Domingo Montémayor
Batting: LHB Mathias Gudmestad 0-0: Ball
1-0: SINGLE (Line Drive, 56)
Batting: RHB Santiago Valentín 0-0: Called Strike
0-1: Swinging Strike
0-2: Ball
1-2: Ground out 5-3 (Groundball, 56S)
Mathias Gudmestad to second
Batting: LHB Bart Walton 0-0: Called Strike
0-1: Ground out 1-3 (Groundball, P)
Mathias Gudmestad to third
Batting: RHB Arturo Scantlebury 0-0: Ball
1-0: Fly out, F9 (Flyball, 9D)
Top of the 3rd over - 0 runs, 1 hit, 0 errors, 1 left on base; Chesapeake 2 - Tacoma 2
BOTTOM OF THE 3RD
Tacoma Fur Traders batting - Pitching for Chesapeake Continentals : RHP Andrew Prieto
Batting: RHB Jeremy Geertsen 0-0: Called Strike
0-1: Ball
1-1: Ground out 5-3 (Groundball, 5)
Batting: RHB Jonathan Barnett 0-0: Ball
1-0: Fly out, F1 (Popup, 15)
Batting: RHB Daryl Yandell 0-0: Ball
1-0: Fly out, F7 (Flyball, 7S)
Bottom of the 3rd over - 0 runs, 0 hits, 0 errors, 0 left on base; Chesapeake 2 - Tacoma 2
TOP OF THE 4TH
Chesapeake Continentals batting - Pitching for Tacoma Fur Traders : LHP Domingo Montémayor
Batting: RHB Phil Oostermeer 0-0: Swinging Strike
0-1: Ball
1-1: SINGLE (Flyball, 7LM)
Batting: RHB Brian Moring 0-0: Ball
1-0: Called Strike
1-1: SINGLE (Line Drive, 4MD)
Phil Oostermeer to second
Batting: RHB Ray Walker 0-0: Ball
1-0: Ball
2-0: Foul Ball, location: 2F
2-1: Grounds into double play, 5-4-3 (Groundball, 5)
Phil Oostermeer to third
Batting: LHB Bartholomew Bailey 0-0: Ground out 1-3 (Groundball, 13)
Top of the 4th over - 0 runs, 2 hits, 0 errors, 1 left on base; Chesapeake 2 - Tacoma 2
BOTTOM OF THE 4TH
Tacoma Fur Traders batting - Pitching for Chesapeake Continentals : RHP Andrew Prieto
Batting: RHB Amon-Ra St. Brown 0-0: Called Strike
0-1: Called Strike
0-2: Ball
1-2: SINGLE (Groundball, 6MD)
Batting: RHB Mike Case 0-0: Grounds into double play, 5-4-3 (Groundball, 56)
Batting: RHB Alan Patterson 0-0: Foul Ball, location: 2F
0-1: Ball
1-1: Foul Ball, location: 2F
1-2: Foul Ball, location: 2F
1-2: TRIPLE (Line Drive, 89XD)
Batting: RHB Bill Perkins 0-0: Foul Ball, location: 2F
0-1: Ball
1-1: Swinging Strike
1-2: Ball
2-2: Strikes out swinging
Bottom of the 4th over - 0 runs, 2 hits, 0 errors, 1 left on base; Chesapeake 2 - Tacoma 2
TOP OF THE 5TH
Chesapeake Continentals batting - Pitching for Tacoma Fur Traders : LHP Domingo Montémayor
Batting: RHB Otton Dis 0-0: Ground out 5-3 (Groundball, 56)
Batting: LHB Mathias Gudmestad 0-0: Called Strike
0-1: SINGLE (Line Drive, 9LS)
Batting: RHB Santiago Valentín 0-0: Called Strike
Mathias Gudmestad is caught stealing 2nd base
0-1: Ball
1-1: Ball
2-1: Ground out 6-3 (Groundball, 6)
Top of the 5th over - 0 runs, 1 hit, 0 errors, 0 left on base; Chesapeake 2 - Tacoma 2
BOTTOM OF THE 5TH
Tacoma Fur Traders batting - Pitching for Chesapeake Continentals : RHP Andrew Prieto
Batting: RHB Gerardo Herváz 0-0: Ball
1-0: Foul Ball, location: 2F
1-1: Called Strike
1-2: Fly out, F6 (Line Drive, 6M)
Batting: RHB Sherman N'Dir 0-0: Ball
1-0: Fly out, F5 (Popup, 56D)
Batting: RHB Jeremy Geertsen 0-0: Called Strike
0-1: Ball
1-1: Ground out 3-1 (Groundball, 23)
Bottom of the 5th over - 0 runs, 0 hits, 0 errors, 0 left on base; Chesapeake 2 - Tacoma 2
TOP OF THE 6TH
Chesapeake Continentals batting - Pitching for Tacoma Fur Traders : LHP Domingo Montémayor
Batting: LHB Bart Walton 0-0: Ball
1-0: Foul Ball, location: 2F
1-1: Called Strike
1-2: Strikes out swinging
Batting: RHB Arturo Scantlebury 0-0: Ground out U3 (Groundball, 3)
Pitching: LHP Tyrone Marone
Batting: RHB Phil Oostermeer 0-0: Ball
1-0: Called Strike
1-1: Ball
2-1: Ball
3-1: Foul Ball, location: 2F
3-2: Strikes out swinging, 2-3 out at first.
Top of the 6th over - 0 runs, 0 hits, 0 errors, 0 left on base; Chesapeake 2 - Tacoma 2
BOTTOM OF THE 6TH
Tacoma Fur Traders batting - Pitching for Chesapeake Continentals : RHP Andrew Prieto
Batting: RHB Jonathan Barnett 0-0: Ball
1-0: Called Strike
1-1: Ground out 1-3 (Groundball, P)
Batting: RHB Daryl Yandell 0-0: SINGLE (Groundball, 56D)
Batting: RHB Amon-Ra St. Brown 0-0: 2-RUN HOME RUN (Flyball, 7D), Distance : 413 ft
Batting: RHB Mike Case 0-0: Ball
1-0: Called Strike
1-1: Foul Ball, location: 2F
1-2: Foul Ball, location: 2F
1-2: Strikes out looking
Batting: RHB Alan Patterson 0-0: Ball
1-0: Bunted foul
1-1: Foul Ball, location: 2F
1-2: Ball
2-2: SINGLE (Line Drive, 4MD)
Batting: RHB Bill Perkins 0-0: Ball
1-0: Ball
Alan Patterson is caught stealing 2nd base
Bottom of the 6th over - 2 runs, 3 hits, 0 errors, 0 left on base; Chesapeake 2 - Tacoma 4
TOP OF THE 7TH
Chesapeake Continentals batting - Pitching for Tacoma Fur Traders : LHP Tyrone Marone
Batting: RHB Brian Moring 0-0: Foul Ball, location: 2F
0-1: Swinging Strike
0-2: Ball
1-2: Ball
2-2: SINGLE (Line Drive, 4D)
Batting: RHB Ray Walker 0-0: Ball
1-0: Bunt missed!
1-1: Bunted foul
1-2: 2-RUN HOME RUN (Flyball, 8LXD), Distance : 448 ft
Pitching: LHP Daniel Ryan
Pinch Hitting: RHB Shou-chien Luo 0-0: Ball
1-0: Ball
2-0: Called Strike
2-1: Ground out 6-3 (Groundball, 6)
Batting: RHB Otton Dis 0-0: Ball
1-0: Foul Ball, location: 2F
1-1: Ball
2-1: Fly out, F9 (Flyball, 9)
Pinch Hitting: RHB Jorge Alfiche 0-0: Ball
1-0: Foul Ball, location: 2F
1-1: Ball
2-1: Swinging Strike
2-2: Ball
3-2: Strikes out swinging
Top of the 7th over - 2 runs, 2 hits, 0 errors, 0 left on base; Chesapeake 4 - Tacoma 4
BOTTOM OF THE 7TH
Tacoma Fur Traders batting - Pitching for Chesapeake Continentals : RHP Andrew Prieto
Now at SS: Mark Sawyer
Now in RF: Shou-chien Luo
Batting: RHB Bill Perkins 0-0: Ball
1-0: Called Strike
1-1: Fly out, F8 (Flyball, 8LS)
Batting: RHB Gerardo Herváz 0-0: Ground out 3-1 (Groundball, 34)
Batting: RHB Sherman N'Dir 0-0: Ball
1-0: Foul Ball, location: 2F
1-1: Called Strike
1-2: Foul Ball, location: 2F
1-2: Ball
2-2: Ball
3-2: Fly out, F4 (Popup, 4)
Bottom of the 7th over - 0 runs, 0 hits, 0 errors, 0 left on base; Chesapeake 4 - Tacoma 4
TOP OF THE 8TH
Chesapeake Continentals batting - Pitching for Tacoma Fur Traders : LHP Daniel Ryan
Batting: RHB Santiago Valentín 0-0: Ball
1-0: Ground out 1-3 (Groundball, 15)
Batting: LHB Bart Walton 0-0: Called Strike
0-1: SINGLE (Line Drive, 34)
Batting: RHB Arturo Scantlebury 0-0: Ball
1-0: Swinging Strike
1-1: Swinging Strike
1-2: Fly out, F9 (Flyball, 89D)
Batting: RHB Phil Oostermeer 0-0: Foul Ball, location: 2F
0-1: Fly out, F8 (Flyball, 8LM)
Top of the 8th over - 0 runs, 1 hit, 0 errors, 1 left on base; Chesapeake 4 - Tacoma 4
BOTTOM OF THE 8TH
Tacoma Fur Traders batting - Pitching for Chesapeake Continentals : RHP Andrew Prieto
Batting: RHB Jeremy Geertsen 0-0: Called Strike
0-1: Ball
1-1: Swinging Strike
1-2: Strikes out swinging
Batting: RHB Jonathan Barnett 0-0: Called Strike
0-1: DOUBLE (Line Drive, 7LD)
Pitching: RHP Jason Martin
Batting: RHB Daryl Yandell 0-0: Called Strike
0-1: Ball
1-1: Fly out, F3 (Popup, 3F)
Batting: RHB Amon-Ra St. Brown 0-0: Ball
1-0: Ball
2-0: Ball
3-0: Base on Balls
Batting: RHB Mike Case 0-0: Foul Ball, location: 2F
0-1: Ball
1-1: Ball
2-1: SINGLE (Flyball, 89S)
Jonathan Barnett to third
Amon-Ra St. Brown to second
Runner from 3rd tries for Home, SAFE, throw made home
Batting: RHB Alan Patterson 0-0: Ball
1-0: Ball
2-0: Ball
3-0: Swinging Strike
3-1: Fly out, F7 (Flyball, 7LS)
Bottom of the 8th over - 1 run, 2 hits, 0 errors, 2 left on base; Chesapeake 4 - Tacoma 5
TOP OF THE 9TH
Chesapeake Continentals batting - Pitching for Tacoma Fur Traders : LHP Daniel Ryan
Pitching: RHP Justin Barber
Now at C: Mauro Deleón
Now in RF: Ricardo Sandoval
Batting: RHB Brian Moring 0-0: Ball
1-0: Called Strike
1-1: Swinging Strike
1-2: Foul Ball, location: 2F
1-2: Ground out 6-3 (Groundball, 56)
Pinch Hitting: LHB Raphaël Duval 0-0: Foul Ball, location: 2F
0-1: Foul Ball, location: 2F
0-2: Ground out 5-3 (Groundball, 56)
Pinch Hitting: SHB Bernie Nutall 0-0: Swinging Strike
0-1: Ball
1-1: Ball
2-1: Called Strike
2-2: Fly out, F7 (Line Drive, 7)
Top of the 9th over - 0 runs, 0 hits, 0 errors, 0 left on base; Chesapeake 4 - Tacoma 5
Tuesday, June 12th, 2018 - OOTP Baseball 18.8 Build 76